 Dungeon Crawl Stone Soup version 0.30-a0-358-g0d69a1922f (webtiles) character file.

Game seed: 780722892522432317

1373 HolyTactitian the Trooper (level 8, -1/70 HPs)
             Began as a Grey Draconian Berserker on Nov 7, 2022.
             Was a Believer of Trog.
             Slain by a gnoll
             ... wielding a +0 halberd of venom
             ... led by a gnoll bouda
              (4 damage)
             ... on level 5 of the Dungeon on Nov 9, 2022.
             The game lasted 00:44:10 (4870 turns).

HolyTactitian the Trooper (DrBe)                    Turns: 4870, Time: 00:44:11

Health: -1/70      AC: 11    Str: 21    XL:     8   Next: 39%
Magic:  8/8        EV: 13    Int:  8    God:    Trog [**....]
Gold:   204        SH:  4    Dex: 11    Spells: 7/7 levels left

rFire   . . .      SeeInvis .    C - +0 falchion
rCold   . . .      Faith    .    r - +0 buckler
rNeg    . . .      Spirit   .    (body armour unavailable)
rPois   .          Reflect  .    (helmet restricted)
rElec   .          Harm     .    (no cloak)
rCorr   .          Rampage  .    (no gloves)
Will    ++...                    (no boots)
Stlth   ++........               (no amulet)
HPRegen 1.31/turn                (no ring)
MPRegen 0.11/turn                (no ring)

@: lethally poisoned (-1 -> -1), strong-willed, on berserk cooldown,
regenerating, slowed, very slow
A: AC +11, amphibious, unfitting armour, cold-blooded
a: Renounce Religion, Berserk, Trog's Hand


You were on level 5 of the Dungeon.
You worshipped Trog.
Trog was pleased with you.
You visited 1 branch of the dungeon, and saw 5 of its levels.

You collected 204 gold pieces.

Inventory:

Hand Weapons
 a - a +0 mace
 g - a +2 dagger of venom
 n - a +0 halberd
 q - a +1 short sword of electrocution
 C - a +0 falchion (weapon)
Missiles
 h - 43 stones (quivered)
Armour
 m - a +1 helmet
 r - a +0 buckler (worn)
Wands
 o - a wand of digging (6)
 z - a wand of mindburst (12)
Scrolls
 b - 3 scrolls of fear {unknown}
 c - 4 scrolls of identify {unknown}
 f - 2 scrolls of vulnerability {unknown}
 j - 2 scrolls of enchant armour {unknown}
 l - a scroll of amnesia {unknown}
 s - a scroll of immolation {unknown}
 u - a scroll of poison {unknown}
 v - 2 scrolls of teleportation {unknown}
 y - a scroll of magic mapping {unknown}
 B - 2 scrolls of noise {unknown}
Potions
 d - a potion of attraction {unknown}
 e - a potion of degeneration {unknown}
 i - a potion of heal wounds {unknown}
 k - 5 potions of curing {unknown}
 p - a potion of brilliance
 t - a potion of haste {unknown}
 w - a potion of cancellation {unknown}
 x - a potion of might {unknown}
 A - a potion of lignification {unknown}


   Skills:
 + Level 6.1 Fighting
 + Level 4.8 Short Blades
 + Level 0.5(3.0) Long Blades
 + Level 4.3 Maces & Flails
 + Level 1.0 Polearms
 + Level 6.0 Dodging
 + Level 2.0 Stealth
 + Level 2.0 Shields


You had 7 spell levels left.
You didn't know any spells.
Your spell library contained the following spells:

 Spells                   Type           Power      Damage    Failure   Level
 Call Canine Familiar     Summ           0%         N/A       86%         3
 Portal Projectile        Hex/Tloc       0%         N/A       86%         3
 Tukima's Dance           Hex            0%         N/A       86%         3
 Leda's Liquefaction      Hex/Erth       0%         N/A       99%         4
 Passage of Golubria      Tloc           0%         N/A       99%         4
 Yara's Violent Unravell  Hex/Tmut       0%         3d3       100%        5


Dungeon Overview and Level Annotations

Branches:
Dungeon (5/15)             Temple (0/1) D:5

Altars:
Sif Muna

Shops:
D:3 *=(   D:4 *


Innate Abilities, Weirdness & Mutations

Your dull iron-grey scales are very hard. (AC +11)
You are amphibious.
You cannot fit into any form of body armour.
You are cold-blooded and may be slowed by cold attacks.


Message History

You barely miss the gnoll.
The gnoll is almost dead.
You feel sick. The gnoll misses you. The gnoll barely misses you.
The gnoll closely misses you. The gnoll barely misses you.
You hit the gnoll but do no damage. You tail-slap the gnoll.
You kill the gnoll!
Trog accepts your kill.
You feel sick. The gnoll hits you but does no damage.
You are more poisoned.
The gnoll closely misses you.
Your Shields skill increases to level 2!
Unknown command.
You feel very sick.
The gnoll hits you with a +0 halberd of venom!
You are more poisoned.
The gnoll barely misses you.
Items here: $ )) †.
You feel extremely sick. The gnoll closely misses you.
You barely miss the gnoll.
You feel very sick. The gnoll hits you but does no damage.
The gnoll hits you with a +0 halberd of venom.
You are more poisoned.
You barely miss the gnoll.
Your tail-slap misses the gnoll.
* * * LOW HITPOINT WARNING * * *
You feel extremely sick.
The gnoll hits you with a +0 halberd of venom!
* * * LOW HITPOINT WARNING * * *
The gnoll barely misses you.
Your skin crawls.
You feel strong-willed.
You feel very sick. You block the gnoll's attack.
You hit the gnoll.
The gnoll is lightly wounded.
You feel very sick. The gnoll misses you.
The gnoll hits you with a +0 halberd of venom.
You die...

.######...####..#.# #...
................#.###...
.....................##.
.#....^.........####.##.
#.###......##..........
# ##..........####....
## #.....†.##### #.##.
... ...##..)).#.# #.##.
#.#. #......)@g##.#
#.... ....
#...##.......# ####.
#.#. #.. #.#####.# #.
.... # #.......# #. .# #
........# #. ##.#
.......#.# ## ?..##.#
....>##.#.# ....#..
....y ..#.# .>..##. . #.
...


You could see a gnoll.

Vanquished Creatures
  A hornet (D:5)
  Sigmund (D:2)
  An ogre (D:4)
  A phantom (D:4)
  3 scorpions
  A necrophage (D:5)
  A jelly (D:5)
  An orc priest (D:3)
  3 hounds
  A gnoll bouda (D:5)
  3 orc wizards (D:4)
  3 iguanas
  11 gnolls
  9 adders
  A white imp (D:5)
  2 worms
  4 dart slugs
  11 orcs
  6 bats
  6 endoplasms
  5 giant cockroaches
  5 goblins
  6 hobgoblins
  2 quokkas
  9 ball pythons
  3 frilled lizards (D:1)
  7 kobolds
  7 rats
114 creatures vanquished.

Notes
Turn   | Place    | Note
-------+----------+-------------------------------------------
     0 | D:1      | HolyTactitian the Draconian Berserker began the quest for
                  | the Orb.
     0 | D:1      | Reached XP level 1. HP: 19/19 MP: 1/1
   315 | D:1      | Reached XP level 2. HP: 26/26 MP: 2/2
   712 | D:1      | Found a faded altar of an unknown god.
   824 | D:2      | Reached XP level 3. HP: 33/33 MP: 3/3
   878 | D:2      | Noticed Sigmund
   886 | D:2      | Killed Sigmund
   887 | D:2      | Reached XP level 4. HP: 41/41 MP: 4/4
   887 | D:2      | Reached XP level 5. HP: 47/47 MP: 5/5
   949 | D:2      | Reached ** piety under Trog
  1305 | D:2      | Reached skill level 1 in Short Blades
  1523 | D:2      | Reached XP level 6. HP: 52/55 MP: 6/6
  1892 | D:3      | Found Esiatrila's General Store.
  1895 | D:3      | Reached skill level 5 in Fighting
  1933 | D:3      | Found Amosmyuhu's Antique Weapon Shoppe.
  2258 | D:3      | Found Buhang's Jewellery Shop.
  2748 | D:4      | Reached skill level 1 in Polearms
  2748 | D:4      | Reached skill level 1 in Stealth
  2748 | D:4      | Your scales start taking on a dull iron-grey colour.
  2748 | D:4      | Reached XP level 7. HP: 14/61 MP: 7/7
  2958 | D:4      | Upgraded the game from 0.30-a0-354-g6b83867211 to
                  | 0.30-a0-358-g0d69a1922f
  3212 | D:4      | Found a shimmering blue altar of Sif Muna.
  3312 | D:4      | Found Etesyji's Assorted Antiques.
  3393 | D:4      | Reached skill level 5 in Dodging
  3735 | D:5      | Entered Level 5 of the Dungeon
  3782 | D:5      | Found a staircase to the Ecumenical Temple.
  3976 | D:5      | Noticed a hornet
  4052 | D:5      | Reached skill level 1 in Shields
  4052 | D:5      | Reached XP level 8. HP: 70/70 MP: 8/8
  4703 | D:5      | Paralysed by a hornet for 1 turns
  4706 | D:5      | Killed a hornet
  4853 | D:5      | Identified the +7 hand axe of Sulphur {freeze, rF+ Will+}
  4870 | D:5      | HP: 3/70 [poisoned by a gnoll]
  4870 | D:5      | Slain by a gnoll

Illustrated notes

Levels and vault maps discovered:
D:1:      nagdon_arrival_double_spiral, layout_basic,
          ebering_ecumenical_altar_rust
D:2:      layout_basic, serial_bayou_crossing, uniq_sigmund
D:3:      layout_loops_ring, serial_shops, nicolae_lakefront_shop,
          nicolae_shop_competitors_out_of_business, shop
D:4:      layout_rooms, lemuel_blue_sif_altar, serial_shops,
          nicolae_square_shop, uniq_crazy_yiuf_cottage
D:5:      layout_loops_cross, minmay_temple_entry_slanted

Skill      XL: |  1  2  3  4  5  6  7  8 |
---------------+-------------------------+-----
Dodging        | 3 4 5 6 |  6.0
Fighting       | 4 5 6 |  6.1
Maces & Flails | 4 |  4.3
Short Blades   | 1 3 4 |  4.8
Polearms       | 1 |  1.0
Stealth        | 1 2 |  2.0
Shields        | 1 2 |  2.0
Long Blades    | |  0.5

Action                   |  1- 3 |  4- 6 |  7- 9 || total
-------------------------+-------+-------+-------++-------
Melee: Mace              |    26 |       |    15 ||    41
       Dagger            |    35 |   121 |   147 ||   303
       Tailslap          |     3 |    24 |    37 ||    64
       Halberd           |       |    28 |       ||    28
       Falchion          |       |       |    32 ||    32
Throw: Stone             |       |     2 |       ||     2
Invok: Berserk           |     2 |     3 |     4 ||     9
       Trog's Hand       |       |     2 |     5 ||     7
Armor: Skin              |    23 |    32 |    63 ||   118
Dodge: Dodged            |    39 |   102 |   143 ||   284
Block: Buckler           |       |     4 |    28 ||    32

Table legend: (Time is in decaauts)
 A = Elapsed time spent in this place.
 B = Non-inter-level travel time spent in this place.
 C = Inter-level travel time spent in this place.
 D = Time resting spent in this place.
 E = Time spent auto-exploring this place.
 F = Levels seen in this place.
 G = Mean time per level.
                   A        B        C        D        E       F      G
               +--------+--------+--------+--------+--------+-----+--------+
         Total |   4942 |   4855 |     87 |   1129 |      0 |   5 |  988.4 |
       Dungeon |   4942 |   4855 |     87 |   1129 |      0 |   5 |  988.4 |
               +--------+--------+--------+--------+--------+-----+--------+

Top non-repeatable levels by time:
     D:5: 1159 daAuts
     D:2: 1085 daAuts
     D:4: 1015 daAuts
     D:3: 873 daAuts
     D:1: 809 daAuts
